[Event "Late-Titled-Tuesday-Blitz-April-16-2024"]
[Site "Chess.com"]
[Date "2024.04.16"]
[Round "7"]
[White "Karttunen"]
[Black "divudis17"]
[Result "1/2-1/2"]
[WhiteElo "2690"]
[BlackElo "2576"]
[TimeControl "180+1"]
[EndTime "15:14:37 PDT"]
[Termination "Game drawn - insufficient material"]

1. e4 c5 2. Nf3 Nf6 3. e5 Nd5 4.
Nc3 e6 5. Bc4 Nb6 6. d3 d5 7.
exd6 Bxd6 8. Bg5 Be7 9. Bxe7 Qxe7 10. Qe2 O-O 11. Bb3 Nc6 12. a3 Nd4 13. Nxd4 cxd4 14. Ne4 e5 15. O-O Be6 16. Bxe6 Qxe6 17. Nc5 Qd5 18.
b4 f6 19. f4 Nd7 20. Qe4 Qxe4 21. Nxe4 Rac8 22. Rf2 Rc6 23. fxe5 fxe5 24. Rxf8+ Nxf8 25. Rc1 Ne6 26. g3 Nc7 27. c4 dxc3 28. Rxc3 Rxc3 29.
Nxc3 Kf7 30. Kf2 b6 31. Ke3 Ke6 32. Ke4 Ne8 33. Ke3 Nd6 34. g4 g6 35. h3 h5 36. a4 a6 37. a5 bxa5 38. bxa5 Nb7 39. Ne4 Nxa5 40. Nc5+ Kf6 41. gxh5 gxh5 42. Nxa6 Nc6 43.
Nc7 Kg5 44. Kf3 Kf5 45. Nd5 Nd4+ 46. Kg3 e4 47. Ne3+ Ke5 48. Nc4+ Kd5 49. Nb6+ Kc6 50. dxe4 Kxb6 51. Kh4 Kc6 52. Kxh5 Kd6 53. Kg6 Ke5 54.
h4 Kxe4 55. h5 Nf5 56. h6 Nxh6 1/2-1/2

[Event "Late-Titled-Tuesday-Blitz-April-16-2024"]
[Site "Chess.com"]
[Date "2024.04.16"]
[Round "7"]
[White "Viktoker"]
[Black "PhileKhoob"]
[Result "1-0"]
[WhiteElo "2474"]
[BlackElo "2293"]
[TimeControl "180+1"]
[EndTime "15:14:37 PDT"]
[Termination "Viktoker won by resignation"]

1. e4 c6 2. Nf3 d5 3. exd5 cxd5 4. Ne5 Nc6 5. Bb5 Bd7 6. Nxd7 Qxd7 7. O-O a6 8. Be2 e5 9. Re1 Bd6 10. c4 Nf6 11.
cxd5 Nxd5 12. d4 O-O 13. dxe5 Bxe5 14. Bf3 Nf6 15. Bxc6 Qxd1 16. Rxd1 bxc6 17. Nd2 Rfd8 18. Re1 Bxb2 19. Bxb2 Rxd2 20. Bxf6 gxf6 21. a4 Rb8 22. Rac1 Rbb2 23. Rf1 Rbc2 24. Rb1 Rd4 25. a5 Ra4 26. Rfe1 Rxa5 27. Rb3 Rb5 28. Rf3 Re5 29. Ra1 Ra2 30. Rc1 f5 31. h4 c5 32. Rb1 a5 33. h5 Kg7 34. Rb6 Re6 35. Rb7 Kf6 36. Rc7 Re5 37.
Rd3 Kg5 38. Rxf7 h6 39. Rg7+ Kf6 40. Rg6+ Kf7 41. Rd7+ Ke8 42. Ra7 Re1+ 43. Kh2 Kf8 44. Rxh6 Kg8 45. Rg6+ Kh8 46. Rc6 Re8 47. Rxc5 f4 48.
f3 Rf2 49. Kh3 Ra2 50. Rcxa5 Rg8 51. Rxa2 Rg5 52. Rb7 Rxh5+ 53. Kg4 1-0

[Event "Late-Titled-Tuesday-Blitz-April-16-2024"]
[Site "Chess.com"]
[Date "2024.04.16"]
[Round "7"]
[White "Nimrod_Veinberg"]
[Black "dretch"]
[Result "0-1"]
[WhiteElo "2738"]
[BlackElo "2923"]
[TimeControl "180+1"]
[EndTime "15:14:38 PDT"]
[Termination "dretch won by checkmate"]

1. e4 e6 2. d4 d5 3. Nc3 Nf6 4. Bg5 dxe4 5. Nxe4 Be7 6. Nxf6+ Bxf6 7. Bxf6 Qxf6 8.
Nf3 c5 9. Bb5+ Bd7 10. Qe2 O-O 11. Bxd7 Nxd7 12. O-O-O Rac8 13. dxc5 Nxc5 14. Kb1 Rfd8 15. Ne5 h6 16. g3 b5 17. f4 b4 18. Qb5 Ne4 19.
Qxb4 Nf2 20. Rxd8+ Qxd8 21. Rc1 Qd5 22. Qe7 f6 23.
Qf7+ Kh7 24. Nd7 Ne4 25. Nf8+ Kh8 26. Nxe6 Rg8 27. Ng5 Nd2+ 28. Ka1 Qg2 29. Ne6 Ne4 30. a3 Qd2 31. Rb1 Qxc2 32. Qb7 Nd2 33. Nd4 Qd3 34. Nc6 Qxb1# 0-1

[Event "Late-Titled-Tuesday-Blitz-April-16-2024"]
[Site "Chess.com"]
[Date "2024.04.16"]
[Round "7"]
[White "Revan_2002"]
[Black "Fandorine"]
[Result "0-1"]
[WhiteElo "2738"]
[BlackElo "2914"]
[TimeControl "180+1"]
[EndTime "15:14:38 PDT"]
[Termination "Fandorine won on time"]

1. d4 Nf6 2. c4 e6 3. Nf3 b6 4. a3 Bb7 5. Nc3 d5 6. cxd5 Nxd5 7. Qc2 Be7 8. e4 Nxc3 9. bxc3 c5 10. Bd3 O-O 11. O-O Nc6 12. Bb2 Rc8 13. Qe2 Na5 14. Rad1 Qc7 15. Ne5 Bd6 16. Ng4 f5 17. exf5 exf5 18. Ne5 c4 19. Bc2 Rce8 20. f4 Bd5 21. Ba4 Re6 22. Bc1 a6 23. Bc2 b5 24. Qf2 Nb3 25.
Bb2 Qb7 26. Rfe1 a5 27. Re3 Be4 28. Bxe4 fxe4 29. Qg3 Qd5 30. Rde1 Nd2 31. Bc1 Bxe5 32. fxe5 Rg6 33. Qh3 Nf3+ 34. Kh1 Nxe1 35. Rxe1 b4 36.
axb4 axb4 37. Kg1 e3 0-1

[Event "Late-Titled-Tuesday-Blitz-April-16-2024"]
[Site "Chess.com"]
[Date "2024.04.16"]
[Round "7"]
[White "SaqoChess_Twitch"]
[Black "Hrant_ChessMood"]
[Result "1-0"]
[WhiteElo "2692"]
[BlackElo "2956"]
[TimeControl "180+1"]
[EndTime "15:14:38 PDT"]
[Termination "SaqoChess_Twitch won on time"]

1. d4 Nf6 2. c4 g6 3. Nc3 Bg7 4. Nf3 O-O 5. h3 d5 6. cxd5 Nxd5 7. e4 Nxc3 8. bxc3 c5 9. Be2 b6 10. O-O Bb7 11. Qc2 cxd4 12. cxd4 Nc6 13. Rd1 Nxd4 14.
Nxd4 Bxd4 15. Bh6 Re8 16. Bb5 Bxa1 17. Rxd8 Rexd8 18. Qc7 Bxe4 19. Qxe7 Bd5 20. a4 a6 21. Be2 Re8 22. Qa3 Be5 23. h4 b5 24. Qc5 Bc4 25. Bxc4 bxc4 26. Qxc4 Re6 27. g4 Rae8 28.
Kg2 Bf6 29. h5 Re4 30. Qxa6 Rxg4+ 31. Kf3 gxh5 32. Qxf6 Rg6 33. Qf4 f6 34. Qc4+ Kh8 35. Qf7 Reg8 36. Bf4 h4 37. Qd7 R8g7 38. Qf5 Rg8 39. a5 Ra8 40. a6 1-0

[Event "Late-Titled-Tuesday-Blitz-April-16-2024"]
[Site "Chess.com"]
[Date "2024.04.16"]
[Round "7"]
[White "Polish_fighter3000"]
[Black "Mackster23"]
[Result "1-0"]
[WhiteElo "3106"]
[BlackElo "2586"]
[TimeControl "180+1"]
[EndTime "15:14:40 PDT"]
[Termination "Polish_fighter3000 won by resignation"]

1. e4 c6 2. d4 d5 3. exd5 cxd5 4. Bd3 Nc6 5. c3 Nf6 6. Bf4 g6 7. h3 Bg7 8. Nf3 O-O 9. Nbd2 Bf5 10. Bxf5 gxf5 11. g4 Qd7 12. Qe2 Ne4 13. Rg1 Nxd2 14. Kxd2 Kh8 15. Qd3 fxg4 16. hxg4 Qe6 17. Nh4 Qe4 18.
Qxe4 dxe4 19. Nf5 e5 20. Nxg7 Kxg7 21. dxe5 f6 22. exf6+ Rxf6 23. Be3 Ne5 24. Ke2 Nf3 25. Rh1 Rd8 26. Rad1 Rfd6 27. Bxa7 Rd2+ 28. Rxd2 Rxd2+ 29. Ke3 Rxb2 30. Kxe4 Ng5+ 31. Kf4 Ne6+ 32. Kf5 Rxa2 33. Be3 Nf8 34. Rb1 Ra5+ 35. Ke4 b5 36. Rb4 Ne6 37. Ke5 Nd8 38. Kd5 Ra3 39. Rxb5 Kg6 40. Rb6+ Kf7 41. c4 Ra5+ 42. c5 Ke7 43. Bg5+ Kd7 44.
Rd6+ 1-0

[Event "Late-Titled-Tuesday-Blitz-April-16-2024"]
[Site "Chess.com"]
[Date "2024.04.16"]
[Round "7"]
[White "HajiyevKanan"]
[Black "Road2GM3000"]
[Result "1-0"]
[WhiteElo "2605"]
[BlackElo "2454"]
[TimeControl "180+1"]
[EndTime "15:14:40 PDT"]
[Termination "HajiyevKanan won by resignation"]

1. d4 d5 2. Nf3 Nf6 3. c4 c6 4.
cxd5 cxd5 5. Nc3 Nc6 6. Bg5 a6 7. Bxf6 gxf6 8. Qb3 e6 9. e3 Rb8 10. Bd3 Bd6 11. O-O Bd7 12. e4 dxe4 13. Nxe4 Be7 14.
d5 Ne5 15. Nxe5 fxe5 16. d6 Bg5 17. Nxg5 Qxg5 18. Rac1 O-O 19. Be4 f5 20. Rc7 fxe4 21. Rxd7 Rf6 22. Rxb7 Rbf8 23. Qg3 Qxg3 24. hxg3 e3 25. f3 e4 26. f4 e5 27. d7 exf4 28. gxf4 Rd6 29. g3 Rd8 30. Re1 R6xd7 31. Rxd7 Rxd7 32. Rxe3 Rd2 33. Rxe4 Rxb2 34. Ra4 Rb6 35. Kf2 Kf7 36. Kf3 h5 37. Ra5 Kg6 38. Rg5+ Kh6 39. a4 Rb3+ 40. Kg2 h4 41. gxh4 Rb4 42. Ra5 Rxf4 43.
Rxa6+ Kh5 44. Kg3 Rb4 45. a5 Rb3+ 46. Kf4 Rb4+ 47. Ke5 Kxh4 48. Kd5 Kg5 49. Kc5 Rb1 50. Rb6 Rc1+ 51. Kb5 Kf5 52. a6 Ra1 53. Kc6 Ke6 54. Kb7+ Kd7 55. a7 1-0

[Event "Late-Titled-Tuesday-Blitz-April-16-2024"]
[Site "Chess.com"]
[Date "2024.04.16"]
[Round "7"]
[White "MarceloPlaya"]
[Black "Boorchess"]
[Result "0-1"]
[WhiteElo "2327"]
[BlackElo "2495"]
[TimeControl "180+1"]
[EndTime "15:14:40 PDT"]
[Termination "Boorchess won on time"]

1. e4 e5 2. Nf3 Nf6 3. Nxe5 d6 4. Nxf7 Kxf7 5. Nc3 c5 6. Bc4+ Be6 7. Bxe6+ Kxe6 8. O-O Be7 9. f4 Rf8 10. d3 Nc6 11. Be3 Kf7 12. Qf3 Kg8 13. Rae1 Qd7 14. Ne2 Rae8 15.
c3 Bd8 16. Ng3 Ng4 17. Nf5 Nxe3 18. Nxe3 Qf7 19. Nd5 Ne7 20. Nxe7+ Bxe7 21. a3 b6 22. Rf2 Bf6 23. Ref1 Qe6 24. Qh5 g6 25. Qd1 c4 26.
f5 gxf5 27. Rxf5 cxd3 28. Qxd3 Be5 29. Qh3 Rxf5 30. Rxf5 Bg7 31. Qh5 Qxe4 32. h4 Qe3+ 33.
Kh1 Qe1+ 34. Kh2 Qe6 35. Rg5 Kh8 36. g3 Qe2+ 37. Kh3 Qxh5 38. Rxh5 Re2 39. Rd5 Be5 0-1

[Event "Late-Titled-Tuesday-Blitz-April-16-2024"]
[Site "Chess.com"]
[Date "2024.04.16"]
[Round "7"]
[White "azikom"]
[Black "N_I_Chess"]
[Result "1-0"]
[WhiteElo "2691"]
[BlackElo "2379"]
[TimeControl "180+1"]
[EndTime "15:14:41 PDT"]
[Termination "azikom won on time"]

1. c4 Nf6 2. Nc3 e6 3. e4 e5 4. Nf3 Nc6 5. d4 exd4 6. Nxd4 d6 7. f3 Be7 8. Be3 O-O 9. Qd2 Rb8 10. O-O-O a6 11. g4 Ne5 12. Be2 b5 13. g5 Nfd7 14.
f4 c5 15. Nf5 Nxc4 16. Bxc4 bxc4 17. Nxe7+ Qxe7 18. Qxd6 Re8 19. Qxe7 Rxe7 20. Rhe1 Bb7 21. e5 Nf8 22. Bxc5 Re6 23. Bxf8 Kxf8 24. Rd4 Rc8 25. h4 f6 26. gxf6 gxf6 27. Rd7 Bc6 28. Rxh7 Rce8 29. Ne4 Bxe4 30. Rxe4 fxe5 31. Rh8+ Kf7 32.
Rxe8 Rxe8 33. fxe5 Ke6 34. Rxc4 Kxe5 35. b3 Rg8 36. Kb2 Rg6 37. Ka3 Kd5 38. Ka4 Rg2 39. a3 Rg6 40. Rf4 Kc5 41. b4+ Kc6 42. h5 Rh6 43. Rf5 Kb6 44. Rg5 Rh8 45. Rg6+ Kb7 46. h6 Ka7 47. Kb3 Kb7 48. a4 Ka7 49. a5 Kb7 50.
Rb6+ Ka7 51. Kc4 Rc8+ 52. Kd5 Rh8 53. Ke5 Re8+ 54. Kf5 Rg8 55. Kf6 Rg1 56. Kf7 Rf1+ 57. Kg7 Rg1+ 58. Rg6 Rh1 59. h7 1-0

[Event "Late-Titled-Tuesday-Blitz-April-16-2024"]
[Site "Chess.com"]
[Date "2024.04.16"]
[Round "7"]
[White "KNVB"]
[Black "MrTattaglia"]
[Result "0-1"]
[WhiteElo "2799"]
[BlackElo "2967"]
[TimeControl "180+1"]
[EndTime "15:14:44 PDT"]
[Termination "MrTattaglia won on time"]

1. e4 c5 2. e5 c4 3. Bxc4 d5 4. exd6 Qxd6 5. Nf3 Nc6 6. Nc3 Nf6 7. h3 Bf5 8. d3 e6 9. Nb5 Qd7 10. Bf4 Rc8 11.
Nh4 a6 12. Nc3 Bg6 13. Nxg6 hxg6 14. Bb3 Nd4 15. Ne2 Nf5 16. Qd2 Nh4 17. Rg1 Nd5 18. Bg3 Nf5 19. Be5 Bc5 20. d4 Be7 21. c3 b5 22. Qd3 Qc6 23. Rd1 Rh4 24. Qf3 Rh5 25.
Bxd5 exd5 26. Ng3 Nxg3 27. Bxg3 Kf8 28. Qd3 Rf5 29. f3 b4 30. cxb4 Bxb4+ 31. Kf1 Qc2 32. a3 Be7 33. Bf2 Qxb2 34. g4 Rf6 35. Kg2 Rc2 36.
Rgf1 Re6 37. Kg3 Bd6+ 38. Kg2 Ree2 39. Qxa6 Rxf2+ 0-1

[Event "Late-Titled-Tuesday-Blitz-April-16-2024"]
[Site "Chess.com"]
[Date "2024.04.16"]
[Round "7"]
[White "Leebit02"]
[Black "Smiechu"]
[Result "1-0"]
[WhiteElo "2552"]
[BlackElo "2408"]
[TimeControl "180+1"]
[EndTime "15:14:45 PDT"]
[Termination "Leebit02 won on time"]

1. d4 Nf6 2. c4 c5 3. d5 e6 4. Nc3 exd5 5. cxd5 d6 6. e4 g6 7. f4 Bg7 8. Bb5+ Nfd7 9. a4 O-O 10. Nf3 a6 11. Bc4 Re8 12. O-O Nf6 13. e5 Ng4 14. h3 Nh6 15. Re1 Kh8 16. Ne4 dxe5 17. fxe5 Nf5 18.
Bg5 Qb6 19. Nf6 Rf8 20. Qd2 Nd7 21. Ng4 f6 22. exf6 Nxf6 23. a5 Qd6 24. Bf4 Qd8 25.
Nxf6 Bxf6 26. Be5 Bd7 27. Rad1 Bb5 28. b3 Nd6 29. Qc3 Bxc4 30. bxc4 Bxe5 31. Nxe5 Qf6 32. Rf1 Qg7 33. Rxf8+ Rxf8 34. Re1 Nf5 35. Qa3 Re8 36. Qxc5 h6 37. d6 Nxd6 38. Qxd6 Rf8 39. Nxg6+ 1-0

[Event "Late-Titled-Tuesday-Blitz-April-16-2024"]
[Site "Chess.com"]
[Date "2024.04.16"]
[Round "7"]
[White "Andrii_Prydun"]
[Black "Eloist"]
[Result "1-0"]
[WhiteElo "2379"]
[BlackElo "2458"]
[TimeControl "180+1"]
[EndTime "15:14:45 PDT"]
[Termination "Andrii_Prydun won on time"]

1. e4 e6 2. d4 d5 3. e5 c5 4. c3 Qb6 5. Ne2 Bd7 6. Nd2 Bb5 7.
Nf3 Nc6 8. Rb1 Rc8 9. a4 Bxe2 10. Bxe2 cxd4 11. cxd4 Bb4+ 12. Kf1 Nge7 13. Bd3 Nf5 14. Bxf5 exf5 15. Be3 Nd8 16. Qb3 Rc4 17. g3 Ne6 18.
Kg2 O-O 19. Rhc1 Rfc8 20. Rxc4 Rxc4 21. Qd1 Be7 22. b3 Rc3 23. Bd2 Rd3 24. Qe2 Rxb3 25.
a5 Rxb1 26. axb6 Rxb6 27. Qd3 g6 28. h4 Kg7 29. h5 Rc6 30. h6+ Kg8 31. Qb3 Rc4 32.
Qxb7 Nc7 33. Qxa7 Kf8 34. Qb8+ Ne8 35. Be3 1-0

[Event "Late-Titled-Tuesday-Blitz-April-16-2024"]
[Site "Chess.com"]
[Date "2024.04.16"]
[Round "7"]
[White "protectiago"]
[Black "Allion2017"]
[Result "1-0"]
[WhiteElo "2056"]
[BlackElo "2260"]
[TimeControl "180+1"]
[EndTime "15:14:45 PDT"]
[Termination "protectiago won on time"]

1. d4 d5 2. c4 c6 3. g3 Nf6 4.
Qc2 dxc4 5. Nf3 g6 6. Bg2 Bf5 7. Qxc4 Bg7 8. O-O O-O 9. Nc3 Nbd7 10. Bg5 Nb6 11. Qb3 h6 12. Bxf6 Bxf6 13. e4 Be6 14.
Qd1 Bg7 15. a4 a5 16. Ne2 Qd7 17. Rc1 Rfd8 18. Nf4 Bc4 19. Re1 Rac8 20. b3 Be6 21. Qd2 Bg4 22. Qxa5 Bxf3 23. Bxf3 Bxd4 24. Red1 e5 25.
Ne2 Na8 26. Nxd4 exd4 27. Qd2 c5 28. Qxh6 b6 29. Rd3 Nc7 30. Bg2 Ne6 31. f4 Qe7 32. Rf1 Nf8 33. Bh3 Rb8 34. f5 b5 35. f6 1-0

[Event "Late-Titled-Tuesday-Blitz-April-16-2024"]
[Site "Chess.com"]
[Date "2024.04.16"]
[Round "7"]
[White "ChadBiryani"]
[Black "BabageldiAnnaberdiyev"]
[Result "0-1"]
[WhiteElo "2462"]
[BlackElo "2606"]
[TimeControl "180+1"]
[EndTime "15:14:47 PDT"]
[Termination "BabageldiAnnaberdiyev won on time"]

1. c4 e6 2. g3 d5 3. Bg2 f5 4. d3 Nf6 5. Nf3 Bc5 6. O-O O-O 7. a3 a5 8. Nc3 c6 9. Bg5 h6 10. Bf4 g5 11. Be5 Nbd7 12. d4 Be7 13. Qc1 Ne4 14.
Rd1 Bf6 15. Bxf6 Qxf6 16. Nd2 h5 17. Ndxe4 fxe4 18. Rf1 g4 19. Qe3 Nb6 20. b3 a4 21.
c5 Nd7 22. b4 e5 23. Rad1 exd4 24. Rxd4 Ne5 25. Nxe4 dxe4 26. Rxe4 Ng6 27. Qh6 Bf5 28. Re3 h4 29. b5 h3 30. Bh1 Rac8 31. bxc6 bxc6 32. f3 Qg7 33. Qg5 gxf3 34. Bxf3 Bc2 35. Kh1 Bb3 36. Rd3 Ne5 37. Qxg7+ Kxg7 38. Re3 Nxf3 39. exf3 Bd5 40. Kg1 Rb8 41. f4 Rb2 42. Rf2 Rfb8 43. Ree2 Rb1+ 44. Rf1 Bg2 45. Rxb1 Rxb1+ 46. Kf2 Rb3 47. Ra2 Kf6 48. g4 Ke6 49. Re2+ Kd5 50.
g5 Rf3+ 51. Ke1 Rxf4 52. g6 Rg4 53. Re7 Rxg6 54. Ra7 Re6+ 55. Kf2 Re4 0-1

[Event "Late-Titled-Tuesday-Blitz-April-16-2024"]
[Site "Chess.com"]
[Date "2024.04.16"]
[Round "7"]
[White "Ykow"]
[Black "oskariot"]
[Result "0-1"]
[WhiteElo "2553"]
[BlackElo "2744"]
[TimeControl "180+1"]
[EndTime "15:14:49 PDT"]
[Termination "oskariot won by resignation"]

1. e4 c5 2. Nf3 e6 3. d4 cxd4 4. Nxd4 Nf6 5. Nc3 d6 6. g4 e5 7. Bb5+ Bd7 8. Bxd7+ Qxd7 9. Nf5 h5 10. Bg5 Nh7 11. Bh4 g5 12. Nd5 gxh4 13. Qd2 hxg4 14. O-O-O Nc6 15. Kb1 O-O-O 16. c4 Ne7 17. Qa5 Nxd5 18. Rxd5 Nf6 19. Qxa7 Nxd5 20. cxd5 Qb5 21. a4 Qd3+ 22. Ka1 Qa6 23. Qe3 Qxa4+ 24. Kb1 Kb8 25.
Rc1 Rc8 26. Rxc8+ Kxc8 27. b3 Qb5 28. Kb2 f6 29. Qa7 Qa6 30. Qe3 Rh7 31. h3 gxh3 32. Qxh3 Kb8 33. Qg4 Rc7 34. Nxh4 Qa5 35. Qe2 Qc3+ 36.
Ka2 Bh6 37. Nf5 Bc1 38. Nxd6 Qa5+ 39. Kb1 Bf4 40. Nc4 Qb4 41. Qc2 b5 42. d6 Rxc4 43.
d7 Qe1+ 0-1

[Event "Late-Titled-Tuesday-Blitz-April-16-2024"]
[Site "Chess.com"]
[Date "2024.04.16"]
[Round "7"]
[White "Oleg_Papayan"]
[Black "ozates"]
[Result "1-0"]
[WhiteElo "2683"]
[BlackElo "2533"]
[TimeControl "180+1"]
[EndTime "15:14:49 PDT"]
[Termination "Oleg_Papayan won on time"]

1. e4 c5 2. d4 cxd4 3. Qxd4 Nc6 4. Qd3 Nf6 5. Nc3 d6 6. Nf3 g6 7. Be2 Bg7 8. O-O O-O 9. Nd5 Ng4 10. c3 Nge5 11.
Nxe5 Nxe5 12. Qc2 Be6 13. Bg5 Re8 14. Rad1 Rc8 15. Qa4 a6 16. h3 h6 17. Bh4 g5 18.
Bg3 Ng6 19. Rd2 Bd7 20. Qb3 Bc6 21. Rfd1 b5 22. Bg4 Rb8 23. Bh5 Ne5 24. Nb4 Bxe4 25. Bxe5 Bxe5 26. Qxf7+ Kh8 27. Qe6 Rf8 28. Qxh6+ Kg8 29.
Qxg5+ Bg7 30. Rd4 Bf5 31. Nc6 Qd7 32. Nxe7+ Kh8 33. Nxf5 Qxf5 34. Qxf5 Rxf5 35. Rd5 Rbf8 36. Bf3 Be5 37. Kf1 Rg8 38. Ke2 Re8 39. Kf1 Ref8 40. Re1 Kg7 41. Re4 1-0

[Event "Late-Titled-Tuesday-Blitz-April-16-2024"]
[Site "Chess.com"]
[Date "2024.04.16"]
[Round "7"]
[White "AEMEffi"]
[Black "Supelyel"]
[Result "1-0"]
[WhiteElo "2291"]
[BlackElo "2420"]
[TimeControl "180+1"]
[EndTime "15:14:52 PDT"]
[Termination "AEMEffi won by checkmate"]

1. d4 d6 2. c4 Nf6 3. Nc3 Nbd7 4. e4 e5 5. Nf3 Be7 6. Bg5 O-O 7. d5 h6 8. Be3 Ng4 9. Bd2 a5 10. h3 Ngf6 11. g4 Nc5 12. Qc2 Nh7 13. Be3 b6 14. a3 Ng5 15. Nd2 Nh7 16. Rb1 Bg5 17. Bxg5 Qxg5 18.
b4 Nb7 19. Nb5 Qd8 20. Be2 Bd7 21. h4 Rc8 22. Na7 Ra8 23. Nc6 Qe8 24. b5 Bxc6 25. bxc6 Nc5 26. Nb3 Na6 27. g5 hxg5 28. hxg5 Nxg5 29.
Rh5 f6 30. Kd2 Qg6 31. Rh4 Nf3+ 32. Bxf3 Qg5+ 33. Ke2 Qxh4 34. Rh1 Qg5 35. Qd1 f5 36. Rh5 Qg6 37. Qh1 Kf7 38. Rxf5+ Ke7 39. Qh4+ Rf6 40. Bh5 Qh6 41. Qg4 Raf8 42. Rxf6 Rxf6 43. Qd7+ Kf8 44.
Qc8+ Ke7 45. Qd7+ Kf8 46. Qe8# 1-0

[Event "Late-Titled-Tuesday-Blitz-April-16-2024"]
[Site "Chess.com"]
[Date "2024.04.16"]
[Round "7"]
[White "xasid81"]
[Black "Szparu"]
[Result "0-1"]
[WhiteElo "2668"]
[BlackElo "2894"]
[TimeControl "180+1"]
[EndTime "15:14:53 PDT"]
[Termination "Szparu won by resignation"]

1. d4 Nf6 2. Nf3 e6 3. c3 c5 4. Bf4 d5 5. e3 Nc6 6. Nbd2 Nh5 7. Bg3 cxd4 8. exd4 g6 9. Bd3 Bh6 10. O-O O-O 11.
Re1 Nxg3 12. hxg3 Bd7 13. a4 Rc8 14. Nb3 Rc7 15. a5 Bc8 16. Qe2 Re7 17. Ne5 f6 18. Nxc6 bxc6 19. Nc5 e5 20. Ba6 e4 21. Bxc8 Qxc8 22.
c4 f5 23. b4 f4 24. gxf4 Bxf4 25. cxd5 cxd5 26. Qa2 Qf5 27. b5 e3 28. fxe3 Rxe3 29.
Rf1 Qh5 30. Rxf4 Rxf4 31. Qd2 Rh4 32. Qxe3 Rh1+ 33. Kf2 Qf5+ 34. Kg3 Rxa1 35. Qe8+ Kg7 36. Qe7+ Kh6 37. Qh4+ Qh5 38. Qf4+ Qg5+ 39. Qxg5+ Kxg5 40. b6 Rxa5 41. b7 Rb5 42. Ne6+ Kf6 43. Nd8 a5 44. Kf4 a4 45. g4 g5+ 46. Kf3 a3 47. Nc6 Rxb7 0-1

[Event "Late-Titled-Tuesday-Blitz-April-16-2024"]
[Site "Chess.com"]
[Date "2024.04.16"]
[Round "7"]
[White "Nemsko"]
[Black "nassimzrikem"]
[Result "1-0"]
[WhiteElo "2437"]
[BlackElo "2269"]
[TimeControl "180+1"]
[EndTime "15:14:57 PDT"]
[Termination "Nemsko won by checkmate"]

1. e4 e5 2. Nf3 Nc6 3. Bb5 a6 4. Ba4 Nf6 5. O-O b5 6. Bb3 Bc5 7. d3 d6 8. c3 h6 9. h3 O-O 10. Be3 Ba7 11. Nbd2 Na5 12. Bc2 Bxe3 13. fxe3 c5 14.
Qe1 Nh7 15. Qg3 Nc6 16. Nh4 Qg5 17. Qf2 Ra7 18. Nf5 Bxf5 19. exf5 d5 20. e4 d4 21.
Nf3 Qf6 22. a4 b4 23. c4 b3 24. Bd1 Nb4 25. Qd2 Rb8 26. Ra3 Rab7 27. Rxb3 Qc6 28.
Ra3 f6 29. b3 Nf8 30. g4 Qe8 31. Kh2 Qd8 32. Kg3 Nc6 33. Rh1 Na5 34. h4 Nxb3 35.
Bxb3 Rxb3 36. Rxb3 Rxb3 37. g5 Kh7 38. Nh2 fxg5 39.
Ng4 gxh4+ 40. Rxh4 Kg8 41. Nxh6+ gxh6 42. Qxh6 Kf7 43.
Rg4 Rxd3+ 44. Kf2 Qa5 45. Rg7+ Ke8 46. Qc6+ Kd8 47. Qa8# 1-0

[Event "Late-Titled-Tuesday-Blitz-April-16-2024"]
[Site "Chess.com"]
[Date "2024.04.16"]
[Round "7"]
[White "Rutricks"]
[Black "Orest_Vovk"]
[Result "1/2-1/2"]
[WhiteElo "2677"]
[BlackElo "2549"]
[TimeControl "180+1"]
[EndTime "15:14:58 PDT"]
[Termination "Game drawn by repetition"]

1. Nc3 g5 2. d4 h6 3. h4 g4 4. e4 Bg7 5. Qxg4 Bxd4 6. Nf3 Nf6 7. Qg7 Rg8 8. Qxg8+ Nxg8 9. Nxd4 Nc6 10. Nb3 Nb4 11. Bd3 Nxd3+ 12. cxd3 d6 13. Be3 c5 14. f3 Be6 15. d4 Bxb3 16. axb3 Qb6 17. dxc5 Qxb3 18. O-O dxc5 19. Nd5 Kf8 20. Bxc5 b6 21. Nxb6 Rd8 22.
Nd5 Rd7 23. Bxa7 Rxa7 24. Rxa7 Qxb2 25. Rfa1 e6 26. Nf4 Nf6 27. Ra8+ Kg7 28. R8a7 Qb3 29. Kh2 e5 30. Ne2 Nh5 31. Rd7 Qc2 32. Ng3 Nxg3 33. Kxg3 Qc6 34. Raa7 Qg6+ 35. Kf2 Qh5 36. Rxf7+ Kg8 37.
Rfb7 Qxh4+ 38. Kf1 Qd8 39. Kg1 Qd1+ 40. Kh2 Qd8 41.
Ra6 Qh4+ 42. Kg1 Qe1+ 43. Kh2 Qh4+ 44. Kg1 Qe1+ 45. Kh2 Qh4+ 1/2-1/2

[Event "Late-Titled-Tuesday-Blitz-April-16-2024"]
[Site "Chess.com"]
[Date "2024.04.16"]
[Round "7"]
[White "Romkachess"]
[Black "BogdanDeac"]
[Result "0-1"]
[WhiteElo "2683"]
[BlackElo "2991"]
[TimeControl "180+1"]
[EndTime "15:15:00 PDT"]
[Termination "BogdanDeac won by resignation"]

1. e4 c5 2. Nf3 e6 3. d4 cxd4 4.
Nxd4 Nc6 5. Nc3 Qc7 6. Be3 a6 7. a3 b5 8. Nxc6 Qxc6 9. Qd4 Bb7 10. O-O-O Rc8 11. Be2 Nf6 12. Bf3 Bxa3 13. bxa3 Qxc3 14. Qxc3 Rxc3 15. Kb2 Rc8 16. Rd6 Bxe4 17. Bxe4 Nxe4 18. Rxa6 Ke7 19. f3 Nd6 20. Kb3 Nc4 21. Bc1 Ra8 22.
Rxa8 Rxa8 23. Kb4 Kd6 24. Kxb5 Nxa3+ 25. Kb6 Nxc2 26. Rd1+ Ke7 27. Bf4 d5 28. Rc1 Ra2 29. Kc7 f6 30. Bd6+ Kf7 31. Kd7 Ra7+ 32. Kd8 Nd4 33.
Rb1 Nc6+ 34. Kc8 e5 35. Rd1 Ke6 36. Bc7 d4 37. f4 Kd5 38. fxe5 fxe5 39. Re1 d3 40.
Bb6 Rf7 41. Be3 Nd4 42. Ra1 Ke4 43. Bd2 Rf2 44. Re1+ Re2 45. Rd1 Rxg2 0-1

[Event "Late-Titled-Tuesday-Blitz-April-16-2024"]
[Site "Chess.com"]
[Date "2024.04.16"]
[Round "7"]
[White "Jahonas"]
[Black "IsaqueGoncalvesSanto"]
[Result "1-0"]
[WhiteElo "2392"]
[BlackElo "1890"]
[TimeControl "180+1"]
[EndTime "15:15:01 PDT"]
[Termination "Jahonas won on time"]

1. e4 e6 2. Nf3 d5 3. d3 Nf6 4. Nbd2 c5 5. Be2 Nc6 6. O-O Be7 7. c3 Qc7 8. Qc2 b6 9. Re1 Bb7 10. Nf1 h6 11. a4 a5 12. Ng3 O-O 13.
exd5 Nxd5 14. b3 Bf6 15. Bb2 Nf4 16. Bf1 Ne7 17. Ne4 Ned5 18. Rad1 Be7 19. g3 Ng6 20.
Bg2 Nf6 21. Nfd2 Rad8 22. Nc4 Rd7 23. Na3 Rfd8 24. Nb5 Qc8 25. c4 Qa8 26. f3 Ne8 27. Qe2 f5 28. Nf2 e5 29. Bxe5 Nxe5 30. Qxe5 Bxf3 31.
Bxf3 Qxf3 32. Qe6+ Kh8 33. Re3 Qh5 34. Rde1 Nf6 35. Qxb6 Ng4 36. Nxg4 Bg5 37. R3e2 fxg4 38. Qe6 Rxd3 39. Qe4 Rd2 40. Qg2 Rxe2 41. Qxe2 Qg6 42. Nc7 h5 43. Ne6 Re8 44. Kg2 Bf6 45. Qe4 Qxe4+ 46. Rxe4 Kg8 47. Nxc5 1-0

[Event "Late-Titled-Tuesday-Blitz-April-16-2024"]
[Site "Chess.com"]
[Date "2024.04.16"]
[Round "7"]
[White "Jospem"]
[Black "DanielDardha2005"]
[Result "1-0"]
[WhiteElo "3060"]
[BlackElo "2870"]
[TimeControl "180+1"]
[EndTime "15:15:02 PDT"]
[Termination "Jospem won on time"]

1. e4 c6 2. d4 d5 3. e5 Bf5 4. h4 h5 5. Bd3 Bxd3 6. Qxd3 Qa5+ 7. b4 Qa6 8. e6 Qxd3 9. cxd3 Na6 10. a3 fxe6 11. Nd2 Nh6 12. Ndf3 Nf5 13. Nh3 Nc7 14.
a4 a5 15. Bf4 Na6 16. bxa5 e5 17. Bxe5 e6 18. O-O Bb4 19. Rab1 O-O 20. Nf4 Rf7 21. Nxh5 Bxa5 22. Nf4 Re8 23. g3 Nh6 24. Ng5 Rfe7 25. Rb3 Ng4 26. Ng6 Rd7 27. Rfb1 b6 28. Rxb6 Bxb6 29.
Rxb6 Ra7 30. Bd6 Nh6 31. Ne7+ Kh8 32. Ng6+ Kg8 33. Ne7+ Kh8 34. Nxc6 Raa8 35. Ne7 Nf5 36.
Nxf5 exf5 37. Be5 Re7 38. h5 Kg8 39. Rg6 Nb4 40. h6 Ra6 41. Bd6 Rd7 42. h7+ Kh8 43. Re6 Ra8 44. Bxb4 Rc7 45. Kg2 Rb7 46. Bc5 Rd7 47. Bd6 g6 48. Be5+ Rg7 49. Re7 1-0

[Event "Late-Titled-Tuesday-Blitz-April-16-2024"]
[Site "Chess.com"]
[Date "2024.04.16"]
[Round "7"]
[White "sergiochess83"]
[Black "Fins0905"]
[Result "1-0"]
[WhiteElo "2952"]
[BlackElo "2776"]
[TimeControl "180+1"]
[EndTime "15:15:03 PDT"]
[Termination "sergiochess83 won by resignation"]

1. d4 d5 2. c4 c6 3. Nc3 Nf6 4. e3 e6 5. Nf3 Nbd7 6. Qc2 b6 7. Bd3 Be7 8. e4 dxe4 9. Nxe4 Bb7 10. Be3 c5 11.
dxc5 Nxc5 12. Bxc5 bxc5 13. O-O Nxe4 14. Bxe4 Bxe4 15.
Qxe4 O-O 16. Ne5 Qc7 17. Rad1 Bf6 18. Nd7 Rfd8 19. Nxf6+ gxf6 20. h4 Qe5 21. Qb7 Rdb8 22.
Qf3 Rd8 23. b3 Rab8 24. g3 Qb2 25. Rb1 Qe5 26. Rfe1 Qc7 27. Qxf6 Rd4 28. Re5 Rg4 29. Rd1 Rg6 30. Qf4 Rc8 31. h5 Rg7 32. Qf6 h6 33. Rd3 Kh7 34. Re2 Rcg8 35. Kh2 Rg5 36. Qf3 Rf5 37. Qe4 Rg5 38. Kg2 Kg7 39. Red2 Rxh5 40.
Rd7 Qc8 41. Qxe6 Rhg5 42. Qe3 Qb8 43. R7d5 Qb7 44. Qe4 Qc7 45. Rxf5 Rg6 46. Qe5+ 1-0